 Dungeon Crawl Stone Soup version 0.30-a0-709-gcdc1b43e22 (webtiles) character file.

Game seed: 5681698594964090208

26 M4edhros the Charlatan (level 3, -1/23 HPs)
             Began as an Octopode Artificer on Jan 22, 2023.
             Slain by Sigmund
             ... wielding a +0 scythe
              (6 damage)
             ... on level 2 of the Dungeon.
             The game lasted 00:00:47 (497 turns).

M4edhros the Charlatan (Octopode Artificer)          Turns: 497, Time: 00:00:48

Health: -1/23      AC:  1    Str: 11    XL:     3   Next: 8%
Magic:  3/3        EV: 13    Int: 13    God:
Gold:   32         SH:  0    Dex: 14    Spells: 2/2 levels left

rFire   . . .      SeeInvis .      - Unarmed
rCold   . . .      Faith    .    (no shield)
rNeg    . . .      Spirit   .    (helmet restricted)
rPois   .          Reflect  .    (no amulet)
rElec   .          Harm     .    (no ring)
rCorr   .          Rampage  .    (no ring)
Will    .....                    (no ring)
Stlth   +++                      (no ring)
HPRegen 0.23/turn                (no ring)
MPRegen 0.08/turn                (no ring)
                                 (no ring)
                                 (no ring)

@: no status effects
A: almost no armour, amphibious, 8 rings, camouflage 1, gelatinous body 1,
(nimble swimmer 1), tentacles
a: no special abilities


You were on level 2 of the Dungeon.
You visited 1 branch of the dungeon, and saw 2 of its levels.

You collected 32 gold pieces.

Inventory:

Missiles
 g - 2 curare-tipped darts
Wands
 b - a wand of flame (14) (quivered)
 c - a wand of charming (12)
 d - a wand of iceblast (5)
Scrolls
 e - a scroll of acquirement {unknown}


   Skills:
 - Level 1.0 Fighting
 - Level 2.3 Dodging
 - Level 1.3 Stealth
 + Level 2.6 Unarmed Combat
 - Level 3.2 Evocations


You had 2 spell levels left.
You didn't know any spells.
Your spell library was empty.

Dungeon Overview and Level Annotations

Branches:
Dungeon (2/15)

Altars:

Annotations:
D:2 Sigmund


Innate Abilities, Weirdness & Mutations

You cannot wear most types of armour.
You are amphibious.
You can wear up to eight rings at the same time.
Your skin changes colour to match your surroundings (Stealth+).
Your rubbery body absorbs attacks. (AC +1, EV +1)
((You are camouflaged when in or above water. (Stealth+)))
You have tentacles for arms and can constrict up to eight enemies at once.


Message History

The ball python barely misses you. The ball python constricts you.
Aiming: Charm
Press: ? - help, Shift-Dir - straight line, f - ball python
Aim: a ball python (constricting you, chance to affect: 73%)
The ball python struggles to resist.
Sigmund hits you with a +0 scythe. The ball python bites you.
The ball python constricts you.
Aiming: Charm
Press: ? - help, Shift-Dir - straight line, f - ball python
Aim: a ball python (constricting you, chance to affect: 73%)
The ball python is charmed.
Your ball python releases its grip on you.
Sigmund casts a spell at you. You resist with significant effort.
You closely miss Sigmund. Your grab misses Sigmund. Sigmund misses you.
You tentacle-slap Sigmund. You grab Sigmund.
Sigmund is lightly wounded.
You constrict Sigmund.
Your ball python bites Sigmund but does no damage.
You tentacle-slap Sigmund but do no damage.
Your squeeze misses Sigmund.
Sigmund is lightly wounded.
You constrict Sigmund.
Your ball python barely misses Sigmund.
Sigmund hits you with a +0 scythe.
You tentacle-slap Sigmund. You squeeze Sigmund, but do no damage.
Sigmund is moderately wounded.
You constrict Sigmund.
Your ball python bites Sigmund but does no damage.
Sigmund casts a spell at you. The puff of flame hits you!
* * * LOW HITPOINT WARNING * * *
You aren't carrying any potions.
Aiming: Throw Flame
Press: ? - help, Shift-Dir - straight line, f - Sigmund
Aim: Sigmund, wielding a +0 scythe and wearing a +1 robe of willpower (moderately wounded, constricted by you, ally target, 100% to hit)
The puff of flame hits Sigmund.
Sigmund is heavily wounded.
You constrict Sigmund, but do no damage.
Your ball python bites Sigmund but does no damage. x2
Sigmund hits you with a +0 scythe.
You die...

##..#
##.......##
##.#. ##.#
##.....## ##.#
#.# ##...## ##
#.# ##'## #.#
#### #.# #. ..#
#.# # # #.###.##
#...#.#.##...###
#..S@.......#
#....@.##...#.#
###.######.##...
#. #.# ### #.
#.# # #.# .#


You could see Sigmund (ally target) and a friendly ball python (charmed).

Vanquished Creatures
  An adder (D:2)
  3 bats (D:1)
  An endoplasm (D:1)
  A goblin (D:1)
  A hobgoblin (D:1)
  2 jackals (D:1)
  A kobold (D:1)
  A quokka (D:1)
  3 rats
14 creatures vanquished.

Vanquished Creatures (collateral kills)
  A jackal (D:1)
  A rat (D:1)
2 creatures vanquished.

Grand Total: 16 creatures vanquished

Notes
Turn   | Place    | Note
-------+----------+-------------------------------------------
     0 | D:1      | M4edhros the Octopode Artificer began the quest for the
                  | Orb.
     0 | D:1      | Reached XP level 1. HP: 13/13 MP: 1/1
    85 | D:1      | Reached skill level 1 in Unarmed Combat
   130 | D:1      | Reached XP level 2. HP: 11/18 MP: 2/2
   446 | D:2      | Reached XP level 3. HP: 23/23 MP: 3/3
   484 | D:2      | Noticed Sigmund
   497 | D:2      | Slain by Sigmund

Illustrated notes

Levels and vault maps discovered:
D:1:      lemuel_arrival_river_ford, layout_loops_ring
D:2:      cheibrodos_helix_gallery, layout_loops_corners, uniq_jessica,
          uniq_sigmund

Skill      XL: |  1  2 |
---------------+-------+-----
Unarmed Combat | 1 2 |  2.6
Fighting       | |  1.0
Dodging        | |  2.3
Stealth        | |  1.3
Evocations     | |  3.2

Action                     || total
---------------------------++-------
  Melee: Unarmed           ||    39
         Tentacles         ||    10
         Constrict         ||     8
  Evoke: Wand              ||     4
    Use: Potion            ||     2
   Stab: Sleeping          ||     4
         Betrayed ally     ||     1
 Armour: Skin              ||     9
  Dodge: Dodged            ||    21

Table legend: (Time is in decaauts)
 A = Elapsed time spent in this place.
 B = Non-inter-level travel time spent in this place.
 C = Inter-level travel time spent in this place.
 D = Time resting spent in this place.
 E = Time spent auto-exploring this place.
 F = Levels seen in this place.
 G = Mean time per level.
                   A        B        C        D        E       F      G
               +--------+--------+--------+--------+--------+-----+--------+
         Total |    495 |    474 |     21 |     20 |    314 |   2 |  247.5 |
       Dungeon |    495 |    474 |     21 |     20 |    314 |   2 |  247.5 |
               +--------+--------+--------+--------+--------+-----+--------+

Top non-repeatable levels by time:
     D:1: 365 daAuts
     D:2: 130 daAuts
